 Dungeon Crawl Stone Soup version 0.32-a0-18-g89e19f1974 (webtiles) character file.

Game seed: 11972293848697731194

95 Majang the Digger (level 4, 0/33 HPs)
             Began as a Demigod Earth Elementalist on Jan 16, 2024.
             Slain by a sleepcap (4 damage)
             ... on level 4 of the Dungeon.
             The game lasted 00:16:17 (2578 turns).

Majang the Digger (Demigod Earth Elementalist)      Turns: 2578, Time: 00:16:18

Health: 0/33       AC:  6    Str:  9    XL:     4   Next: 17%
Magic:  7/11       EV: 12    Int: 21    God:
Gold:   61         SH:  0    Dex: 14    Spells: 4/9 levels left

rFire   . . .        f - +2 dagger (venom)
rCold   . . .        (no shield)
rNeg    . . .        a - +0 robe
rPois   .            (no helmet)
rElec   .            l - +2 cloak
rCorr   .            j - +0 pair of gloves
SInv    .            (no boots)
Will    .....        (no amulet)
Stlth   ++           (no ring)
HPRegen 0.25/turn    (no ring)
MPRegen 0.12/turn

%: no passive effects
@: very slightly contaminated
A: high MP 1, forlorn, divine attributes
a: no special abilities


You were on level 4 of the Dungeon.
You visited 2 branches of the dungeon, and saw 5 of its levels.

You collected 134 gold pieces.
You spent 73 gold pieces at shops.

Inventory:

Hand Weapons
 f - a +2 dagger of venom (weapon)
Armour
 a - a +0 robe (worn)
 j - a +0 pair of gloves (worn)
 l - a +2 cloak (worn)
Scrolls
 e - a scroll of noise
Potions
 b - a potion of magic
 d - a potion of heal wounds
 g - a potion of curing {unknown}
 h - a potion of haste {unknown}


   Skills:
 - Level 1.7 Dodging
 - Level 1.7 Stealth
 * Level 3.2 Spellcasting
 + Level 1.4 Conjurations
 + Level 0.4 Necromancy
 + Level 3.4 Earth Magic


You had 4 spell levels left.
You knew the following spells:

 Your Spells              Type           Power      Damage    Failure   Level
a - Sandblast             Erth           34%        2d9       3%          1
b - Stone Arrow           Conj/Erth      26%        3d8       14%         3
k - Kiss of Death         Conj/Necr      28%        2d7       9%          1

Your spell library contained the following spells:

 Spells                   Type           Power      Damage    Failure   Level
 Passwall                 Erth           17%        N/A       10%         3
 Confusing Touch          Hex            3%         N/A       36%         3
 Brom's Barrelling Bould  Conj/Erth      13%        2d4       43%         4
 Petrify                  Alch/Erth      10%        N/A       54%         4
 Dispel Undead            Necr           5%         3d7       73%         4


Dungeon Overview and Level Annotations

Branches:
Dungeon (4/15)             Temple (1/1) D:4

Shops:
D:1 [   D:3 ?*([   D:4 *


Innate Abilities, Weirdness & Mutations

You have an increased reservoir of magic. (+10% MP)
You shall have no god before yourself.
Your divine heritage dramatically boosts your attributes as you level up.


Message History

The sleepcap is moderately damaged.
The sleepcap barely misses you.
You hit the sleepcap but do no damage.
The sleepcap is moderately damaged.
The sleepcap closely misses you.
The blast of sand hits the sleepcap but does no damage.
The sleepcap is moderately damaged.
The sleepcap releases spores at you! The sleepcap barely misses you.
Casting: Sandblast (safe; 3% risk of failure)
Confirm with . or Enter, or press ? or * to list all spells.
Aiming: Kiss of Death (safe; 9% risk of failure)
Press: ? - help, Shift-Dir - straight line, f/p - sleepcap
Aim: a sleepcap (heavily damaged, very poisoned, 100% to hit)
You miscast Kiss of Death.
You are very lightly contaminated with residual magic.
Nothing appears to happen.
The sleepcap releases spores at you.
You are engulfed in a cloud of soporific spores!
You fall asleep.
The sleepcap releases spores at you!!
You wake up.
Ouch! That really hurt!
* * * LOW HITPOINT WARNING * * *
You are engulfed in a cloud of soporific spores!
You are unaffected.
Casting: Kiss of Death (safe; 9% risk of failure)
Confirm with . or Enter, or press ? or * to list all spells.
Aiming: Sandblast (safe; 3% risk of failure)
Press: ? - help, Shift-Dir - straight line, f/p - sleepcap
Aim: a sleepcap (heavily damaged, very poisoned, 100% to hit)
The blast of sand hits the sleepcap but does no damage.
The sleepcap is heavily damaged.
The sleepcap barely misses you.
Casting: Sandblast (safe; 3% risk of failure)
Confirm with . or Enter, or press ? or * to list all spells.
Aiming: Sandblast (safe; 3% risk of failure)
Press: ? - help, Shift-Dir - straight line, f/p - sleepcap
Aim: a sleepcap (heavily damaged, very poisoned, 100% to hit)
The blast of sand hits the sleepcap.
The sleepcap is severely damaged.
The sleepcap releases spores at you.
You die...

##.....#.#
##...##.# ##'###.#
#.# #.. ### #.#
### ##.## ##.## #
##.#.## ##...##
#.##f###.###.....#
#..@##
##f###...####
####.###.##
##.....#
##...######.###..
#.#........# #.#
#...######.###.#
##### #.....#
#.##### #.# #.#


You could see a sleepcap (very poisoned).

Vanquished Creatures
  An orc wizard (D:3)
  An adder (D:3)
  A dart slug (D:1)
  2 orcs (D:3)
  3 endoplasms
  7 goblins
  9 hobgoblins
  3 jackals (D:1)
  5 kobolds
  4 quokkas
  A ball python (D:3)
  5 bats
  8 rats
50 creatures vanquished.

Notes
Turn   | Place    | Note
-------+----------+-------------------------------------------
     0 | D:1      | Majang the Demigod Earth Elementalist began the quest for
                  | the Orb.
     0 | D:1      | Reached XP level 1. HP: 14/14 MP: 5/5
    53 | D:1      | Found Iwnufyn's Armour Shop.
   219 | D:1      | Reached XP level 2. HP: 20/20 MP: 5/7
  1267 | D:2      | Reached XP level 3. HP: 26/26 MP: 6/9
  1306 | D:2      | Learned a level 3 spell: Stone Arrow
  1501 | D:3      | Found Tashruhoc's Armour Boutique.
  1534 | D:3      | Bought a +0 pair of gloves for 49 gold pieces
  1602 | D:3      | Found Touci's Antique Weapon Emporium.
  1684 | D:3      | Found Mepsaxof's Assorted Antiques.
  1734 | D:3      | Reached skill level 1 in Conjurations
  1787 | D:3      | Found Gecvus's Magic Scroll Shoppe.
  1791 | D:3      | Bought a scroll of identify for 24 gold pieces
  1868 | D:3      | Learned a level 1 spell: Kiss of Death
  1885 | D:3      | Reached XP level 4. HP: 33/33 MP: 8/11
  2490 | D:4      | Found a staircase to the Ecumenical Temple.
  2493 | D:4      | Found Tewuh's Assorted Antiques.
  2500 | Temple   | Entered the Ecumenical Temple
  2578 | D:4      | Slain by a sleepcap

Illustrated notes

Levels and vault maps discovered:
D:1:      matt_arrival_spirals, layout_rooms, serial_shops,
          nicolae_shop_waterfront, minmay_misc_feat_cross
D:2:      layout_loops_ring
D:3:      layout_basic, minitemple, ebering_ecumenical_altar_webs, serial_shops,
          nicolae_shop_just_a_little_nook, nicolae_shop_rolled_up, shop,
          nicolae_shop_gibbet_a_chance
D:4:      nicolae_BIG_FREAKIN_CUBE, layout_loops_corners,
          lemuel_zombie_altar_kikubaaqudgha, minmay_temple_entry_purple_smoke,
          serial_shops, nicolae_shop_waterfront, uniq_blork_the_orc
Temple:   nicolae_temple_bog_church

Skill      XL: |  1  2  3 |
---------------+----------+-----
Spellcasting   | 2 3 |  3.2
Earth Magic    | 3 |  3.4
Conjurations   | 1 |  1.4
Dodging        | |  1.7
Stealth        | |  1.7
Necromancy     | |  0.4

Action                     |  1- 3 |  4- 6 || total
---------------------------+-------+-------++-------
  Melee: Dagger            |     6 |    13 ||    19
   Cast: Sandblast         |    54 |     7 ||    61
    Use: Scroll            |     1 |     4 ||     5
   Stab: Sleeping          |     1 |       ||     1
 Armour: Robe              |    10 |    10 ||    20
  Dodge: Dodged            |     5 |     7 ||    12

Table legend: (Time is in decaauts)
 A = Elapsed time spent in this place.
 B = Non-inter-level travel time spent in this place.
 C = Inter-level travel time spent in this place.
 D = Time resting spent in this place.
 E = Time spent auto-exploring this place.
 F = Levels seen in this place.
 G = Mean time per level.
                   A        B        C        D        E       F      G
               +--------+--------+--------+--------+--------+-----+--------+
         Total |   2607 |   2377 |    230 |    497 |    125 |   5 |  521.4 |
       Dungeon |   2605 |   2375 |    230 |    497 |    125 |   4 |  651.2 |
        Temple |      1 |      1 |      0 |      0 |      0 |   1 |    1.0 |
               +--------+--------+--------+--------+--------+-----+--------+

Top non-repeatable levels by time:
     D:3: 905 daAuts
     D:1: 810 daAuts
     D:2: 620 daAuts
     D:4: 269 daAuts
  Temple: 1 daAuts
